 Dungeon Crawl Stone Soup version 0.29.1-15-g9cfb28693d (webtiles) character file.

Game seed: 9601507792351043490

496 cdecastro the Cleaver (level 6, -4/51 HPs)
             Began as a Minotaur Fighter on Mar 5, 2023.
             Slain by Prince Ribbit (10 damage)
             ... on level 5 of the Dungeon.
             The game lasted 00:05:08 (3870 turns).

cdecastro the Cleaver (Minotaur Fighter)            Turns: 3870, Time: 00:05:09

Health: -4/51      AC: 10    Str: 23    XL:     6   Next: 93%
Magic:  5/5        EV:  8    Int:  5    God:
Gold:   214        SH:  0    Dex:  9    Spells: 5/5 levels left

rFire   . . .      SeeInvis .   a - +0 war axe
rCold   . . .      Faith    .   (no shield)
rNeg    . . .      Spirit   .   l - +0 chain mail
rPois   .          Reflect  .   (helmet restricted)
rElec   .          Harm     .   (no cloak)
rCorr   .          Rampage  .   r - +0 pair of gloves
Will    .....                   (no boots)
Stlth   ..........              (no amulet)
HPRegen 0.17/turn               w - ring of flight
MPRegen 0.09/turn               (no ring)

@: flying
A: horns 2, retaliatory headbutt
a: no special abilities


You were on level 5 of the Dungeon.
You visited 1 branch of the dungeon, and saw 5 of its levels.

You collected 262 gold pieces.
You spent 48 gold pieces at shops.

Inventory:

Hand Weapons
 a - a +0 war axe (weapon)
 u - a +2 vorpal hand axe
Missiles
 m - 4 javelins (quivered)
 q - 3 atropa-tipped darts
 x - 6 poisoned darts
Armour
 c - a +0 buckler
 l - a +0 chain mail (worn)
 r - a +0 pair of gloves (worn)
Jewellery
 w - a ring of flight (left hand)
Scrolls
 b - a scroll of enchant weapon {unknown}
 e - 3 scrolls of teleportation {unknown}
 f - 3 scrolls of immolation {unknown}
 g - 6 scrolls of identify {unknown}
 h - 4 scrolls of vulnerability {unknown}
 o - a scroll of enchant armour {unknown}
 p - a scroll of amnesia {unknown}
 y - a scroll of poison {unknown}
 z - a scroll of silence {unknown}
Potions
 d - a potion of might
 i - a potion of flight {unknown}
 j - a potion of brilliance {unknown}
 k - 2 potions of curing
 n - a potion of heal wounds {unknown}
 s - a potion of mutation {unknown}
 t - a potion of cancellation {unknown}
 v - 2 potions of resistance {unknown}


   Skills:
 - Level 3.6 Fighting
 + Level 9.1 Axes
 - Level 3.6 Armour
 - Level 3.6 Shields


You had 5 spell levels left.
You didn't know any spells.
Your spell library contained the following spells:

 Spells                   Type           Power      Damage    Failure   Level
 Slow                     Hex            0%         N/A       99%         1
 Confusing Touch          Hex            0%         N/A       100%        3
 Vampiric Draining        Necr           0%         2d6       100%        3


Dungeon Overview and Level Annotations

Branches:
Dungeon (5/15)
 Temple: D:4-7

Altars:
Gozag
Ru

Shops:
D:1 !

Annotations:
D:5 Prince Ribbit


Innate Abilities, Weirdness & Mutations

You have a pair of horns on your head.
You reflexively headbutt those who attack you in melee.


Message History

You hit the worm. Prince Ribbit hits you! The worm closely misses you.
Prince Ribbit blinks!
Unknown command.
You slash the worm!
You kill the worm!
Unknown command.
Prince Ribbit hits you.
You see here a worm corpse.
You miss Prince Ribbit. Your headbutt misses Prince Ribbit.
Prince Ribbit is moderately wounded.
Prince Ribbit hits you.
You hit Prince Ribbit.
Prince Ribbit is moderately wounded.
Prince Ribbit hits you!
You closely miss Prince Ribbit.
Prince Ribbit is moderately wounded.
Prince Ribbit blinks!
Prince Ribbit lets out a mournful croak.
You closely miss Prince Ribbit.
Prince Ribbit is moderately wounded.
Prince Ribbit blinks!
You miss Prince Ribbit. You headbutt Prince Ribbit! You punch Prince Ribbit.
Prince Ribbit is heavily wounded.
Prince Ribbit hits you!
* * * LOW HITPOINT WARNING * * *
You miss Prince Ribbit. You headbutt Prince Ribbit.
Prince Ribbit is severely wounded.
Prince Ribbit hits you!
* * * LOW HITPOINT WARNING * * *
Prince Ribbit blinks!
Prince Ribbit blinks!
You barely miss Prince Ribbit.
Prince Ribbit is severely wounded.
Prince Ribbit barely misses you. You furiously retaliate!
You headbutt Prince Ribbit. Prince Ribbit barely misses you.
You furiously retaliate!
You headbutt Prince Ribbit. You barely miss Prince Ribbit.
Prince Ribbit is almost dead.
Prince Ribbit hits you!
You die...

#####....................#
##<....##.)..............#
#..###.##................#
...###..÷................#
##......#.÷......##.######
#####..###..######.#
#####..###..........#
......####.....F....#
#>..............@...#
########............#
##.#..........#
#.............#
##.............#
######..###########.######
........# ##..........##
#####.### #.....†......# #
#.# #..............


You could see Prince Ribbit.

Vanquished Creatures
  A necrophage (D:5)
  A jelly (D:5)
  3 hounds (D:5)
  A gnoll bouda (D:5)
  4 iguanas
  5 gnolls
  3 adders
  An ufetubus (D:4)
  2 worms
  3 dart slugs
  6 orcs
  6 ball pythons
  4 bats
  6 endoplasms
  4 giant cockroaches
  8 goblins
  6 hobgoblins
  7 quokkas
  4 frilled lizards
  13 kobolds
  4 rats
92 creatures vanquished.

Vanquished Creatures (others)
  3 demonic plants (D:3)
  A plant (D:3)
  3 withered plants (D:3)
7 creatures vanquished.

Grand Total: 99 creatures vanquished

Notes
Turn   | Place    | Note
-------+----------+-------------------------------------------
     0 | D:1      | cdecastro the Minotaur Fighter began the quest for the Orb.
     0 | D:1      | Reached XP level 1. HP: 19/19 MP: 0/0
   187 | D:1      | Found Jodofuss's Distillery.
   210 | D:1      | Reached skill level 3 in Axes
   327 | D:1      | Reached XP level 2. HP: 24/26 MP: 1/1
   684 | D:1      | Reached skill level 4 in Axes
  1059 | D:1      | Bought a potion of curing for 36 gold pieces
  1059 | D:1      | Bought a potion of degeneration for 12 gold pieces
  1098 | D:2      | Reached XP level 3. HP: 28/31 MP: 2/2
  1520 | D:2      | Found an opulent altar of Gozag.
  1631 | D:2      | Reached skill level 5 in Axes
  2269 | D:3      | Reached XP level 4. HP: 39/39 MP: 3/3
  2304 | D:3      | Found a faded altar of an unknown god.
  2843 | D:4      | Reached skill level 6 in Axes
  2856 | D:4      | Reached XP level 5. HP: 28/45 MP: 4/4
  3179 | D:5      | Entered Level 5 of the Dungeon
  3223 | D:5      | Reached skill level 7 in Axes
  3382 | D:5      | Reached skill level 8 in Axes
  3382 | D:5      | Reached XP level 6. HP: 50/51 MP: 5/5
  3693 | D:5      | Reached skill level 9 in Axes
  3767 | D:5      | Found a sacrificial altar of Ru.
  3849 | D:5      | Noticed Prince Ribbit
  3870 | D:5      | Slain by Prince Ribbit

Illustrated notes

Levels and vault maps discovered:
D:1:      beargit_arrival_diablo_church, layout_basic, serial_shops, shop
D:2:      layout_basic, basic_altar, minmay_misc_feat_more_columns, st_stairs_9,
          hangedman_abyss_or_decor_stabs
D:3:      layout_rooms, shapermc_ecumenical_altar_gd
D:4:      layout_rooms
D:5:      layout_rooms, amcnicky_altar_gilded, nemelex_diamond_rough_becter,
          uniq_prince_ribbit1

Skill      XL: |  1  2  3  4  5  6 |
---------------+-------------------+-----
Axes           | 3 4 5 6 8 9 |  9.1
Fighting       | |  3.6
Armour         | |  3.6
Shields        | |  3.6

Action                   |  1- 3 |  4- 6 || total
-------------------------+-------+-------++-------
Melee: War axe           |   109 |   123 ||   232
       Headbutt          |     8 |    13 ||    21
       Punch             |     1 |     2 ||     3
Armor: Scale mail        |    34 |       ||    34
       Chain mail        |    36 |    60 ||    96
Dodge: Dodged            |    53 |    62 ||   115
Block: Buckler           |     2 |       ||     2
